Map: Ascension to Aiur LE

Players

puCK (Nina)

  • Race: Protoss Protoss
  • Spawn Location: 11:00

Scarlett - Winner!

  • Race: Zerg Zerg
  • Spawn Location: 5:00

Event: WCS Montreal 2017

VOD

Have the link to the VOD?

Description

Time

  • Played on: Sept. 8, 2017, 6:18 p.m.
  • Length: 5:35

All games in this series

Show
View Real Time Build Order
Export as new Build Order

puCK Protoss 

Build Orders: 1 Gate Expand 

Get SALT Encoding   

  12  0:00  Probe (Chrono Boost)  
  13  0:11  Probe (Chrono Boost)  
  14  0:18  Pylon  
  14  0:22  Probe (Chrono Boost)  
  15  0:36  Probe (Chrono Boost)  
  15  0:39  Gateway  
  16  0:47  Probe (Chrono Boost)  
  17  0:50  Assimilator  
  17  0:58  Probe (Chrono Boost)  
  18  1:08  Probe (Chrono Boost)  
  19  1:22  Nexus  
  19  1:26  Probe (Chrono Boost)  
  20  1:37  Cybernetics Core  
  21  1:40  Probe (Chrono Boost)  
  21  1:45  Assimilator  
  21  1:50  Probe (Chrono Boost)  
  22  1:56  Pylon  
  22  2:01  Probe (Chrono Boost)  
  23  2:14  Probe, Stalker (Chrono Boost), Warp Gate  
  26  2:26  Mothership Core  
  28  2:32  Probe  
  29  2:40  Adept (Chrono Boost)  
  29  2:43  Probe  
  31  2:48  Probe (Chrono Boost), Twilight Council  
  33  2:55  Probe (Chrono Boost)  
  34  3:00  Probe (Chrono Boost)  
  35  3:06  Probe (Chrono Boost)  
  35  3:10  Probe (Chrono Boost)  
  35  3:12  Robotics Facility  
  37  3:16  Probe (Chrono Boost)  
  38  3:20  Charge (Chrono Boost)  
  38  3:21  Probe (Chrono Boost)  
  38  3:26  Probe (Chrono Boost)  
  40  3:31  Probe  
  41  3:34  Pylon  
  41  3:36  Probe  
  42  3:43  Gateway  
  42  3:45  Probe, Gateway  
  42  3:46  Probe  
  44  3:51  Gateway  
  44  3:57  Probe  
  44  4:01  Probe  
  48  4:08  Assimilator x2  
  48  4:10  Probe  
  49  4:17  Pylon  
  49  4:25  Gateway x2  
  44  4:34  Pylon x2  
  36  4:50  Zealot x2  
  36  4:51  Zealot  
  28  5:06  Probe  
  28  5:07  Probe  
  20  5:14  Zealot x2  
Show
View Real Time Build Order
Export as new Build Order

Scarlett Zerg - Winner!

Build Orders: Hatch First 

Get SALT Encoding   

  12  0:00  Drone  
  13  0:12  Overlord  
  13  0:18  Drone  
  14  0:30  Drone x2  
  14  0:35  Drone  
  17  0:51  Hatchery  
  17  0:55  Drone  
  17  0:58  Drone  
  17  1:02  Extractor  
  17  1:13  Spawning Pool  
  17  1:16  Drone  
  17  1:19  Drone  
  18  1:28  Drone  
  19  1:38  Drone  
  20  1:49  Hatchery  
  19  1:56  Overlord  
  19  2:03  Queen  
  21  2:10  Metabolic Boost  
  21  2:13  Zergling x2  
  22  2:16  Drone  
  22  2:20  Drone  
  24  2:29  Roach Warren  
  23  2:32  Drone  
  23  2:36  Drone  
  25  2:39  Drone  
  26  2:45  Zergling x2  
  26  2:47  Overlord  
  27  2:55  Zergling x2  
  28  3:08  Roach x2  
  28  3:11  Roach x2  
  28  3:12  Roach  
  38  3:15  Roach  
  38  3:18  Roach  
  42  3:22  Zergling x2  
  42  3:25  Overlord  
  43  3:29  Zergling x2  
  43  3:31  Zergling x2  
  45  3:34  Zergling x2  
  45  3:38  Zergling x2  
  47  3:42  Overlord  
  47  3:44  Zergling x2  
  47  3:48  Zergling x2  
  49  3:50  Zergling x2  
  49  3:54  Zergling x2  
  51  3:59  Ravager  
  51  4:00  Zergling x4  
  54  4:03  Zergling x4  
  54  4:06  Zergling x2  
  58  4:10  Zergling x2  
  58  4:21  Zergling x8  
  58  4:28  Zergling x2  
  58  4:29  Zergling x4  
  56  4:39  Zergling x2  
  56  4:40  Zergling x6  
  55  4:53  Zergling x10  
  43  5:15  Drone x2  
  43  5:16  Drone x7  
Tags
 
Add a new tag
Caveats
  • Supply blocks, unpowered buildings, or Contaminate may cause inaccurate times.
  • Supply counts are checked every 10 seconds.